 Dungeon Crawl Stone Soup version 0.24.0-41-g2ae2f7f1be (webtiles) character file.

Game seed: 18156061890006181568, levelgen mode: deterministic

93116 1994 the Impaler (level 16, -1/116 HPs)
             Began as a Formicid Monk on Dec 14, 2019.
             Was a High Priest of Hepliaklqana.
             Killed by divine providence
             ... invoked by Saint Roka
              (13 damage)
             ... on level 2 of the Orcish Mines on Dec 15, 2019.
             The game lasted 02:07:53 (28677 turns).

1994 the Impaler (Formicid Monk)                   Turns: 28677, Time: 02:07:54

Health: -1/116     AC: 19    Str: 22    XL:     16   Next: 55%
Magic:  0/23       EV: 10    Int:  9    God:    Hepliaklqana [*****.]
Gold:   2528       SH: 20    Dex: 13    Spells: 18/23 levels left

rFire    + + .     SeeInvis +   a - +8 spear of the Mosquito {vamp, rF+ Str+3}
rCold    + . .     Gourm    .   P - +0 large shield
rNeg     + . .     Faith    .   z - +1 plate armour {rN+}
rPois    .         Spirit   +   (helmet unavailable)
rElec    +         Reflect  .   e - scarf {Spirit}
rCorr    .         Harm     .   r - +0 pair of gloves
MR       ++...                  w - +0 pair of boots of the Constellations {rElec rC+ MR+ Int-5}
Stlth    ..........             (no amulet)
HPRegen  0.29/turn              y - ring of protection from fire
MPRegen  0.18/turn              (no ring)

@: very slightly contaminated
A: permanent stasis, dig shafts and tunnels, four strong arms, reduced essence,
antennae 3
a: Dig, Shaft Self, Recall Ancestor, Ancestor Identity, Transference, Idealise,
Renounce Religion


You were on level 2 of the Orcish Mines.
You worshipped Hepliaklqana.
Hepliaklqana was extremely pleased with you.
You were not hungry.

You visited 4 branches of the dungeon, and saw 24 of its levels.
You also visited: Ossuary, Gauntlet and Ice Cave.

You collected 2586 gold pieces.
You spent 58 gold pieces at shops.

Inventory:

Hand Weapons
 a - the +8 spear of the Mosquito (weapon) {vamp, rF+ Str+3}
   (You found it on level 6 of the Lair of Beasts)

   It inflicts no extra harm, but heals its wielder when it wounds a living foe.
   It affects your strength (+3).
   It protects you from fire.
 b - a +1 demon trident of flaming
 s - a +6 quarterstaff of protection
 B - a +5 bardiche of protection
 O - a +1 war axe of chopping
Missiles
 x - 9 curare-tipped darts (quivered)
 U - a throwing net
Armour
 e - a scarf of spirit shield (worn)
 g - a +1 pair of boots
 r - a +0 pair of gloves (worn)
 w - the +0 pair of boots of the Constellations (worn) {rElec rC+ MR+ Int-5}
   (You found it on level 9 of the Dungeon)

   It affects your intelligence (-5).
   It protects you from cold.
   It insulates you from electricity.
   It affects your resistance to hostile enchantments.
 z - a +1 plate armour of positive energy (worn)
 E - a +0 ring mail of poison resistance
 L - a +0 cloak
 N - a +0 troll leather armour
 P - a +0 large shield (worn)
Magical Staves
 t - an uncursed staff of cold
Jewellery
 p - the ring of Eternal Harmony {Ice rN++ MR+ Slay-2 Stlth-}
   (You found it in a Gauntlet)

   [ring of ice]

   It enhances your ice magic.
   It affects your accuracy and damage with ranged weapons and melee attacks
   (-2).
   It makes you vulnerable to fire.
   It protects you from cold.
   It greatly protects you from negative energy.
   It affects your resistance to hostile enchantments.
   It makes you less stealthy.
 y - a ring of protection from fire (left hand)
Wands
 C - a wand of iceblast (10)
 K - a wand of enslavement (14)
 Q - a wand of paralysis (25)
Scrolls
 d - 5 scrolls of identify
 m - 18 scrolls of remove curse
 q - 2 scrolls of enchant armour
 A - 4 scrolls of amnesia
 G - 2 scrolls of immolation
 J - a scroll of vulnerability {unknown}
 M - 2 scrolls of fear
 V - a scroll of holy word {unknown}
 W - 2 scrolls of fog
 X - a scroll of magic mapping
 Y - a scroll of silence
Potions
 f - a potion of resistance
 h - 3 potions of flight
 i - 12 potions of curing
 j - 6 potions of lignification
 l - 5 potions of cancellation
 o - 3 potions of might
 u - 4 potions of brilliance
 v - a potion of invisibility
 D - 2 potions of heal wounds
 F - 2 potions of magic
 S - 2 potions of agility
Miscellaneous
 H - 2 boxes of beasts
Comestibles
 c - 43 rations


   Skills:
 - Level 12.9 Fighting
 - Level 16.0 Polearms
 - Level 11.9 Armour
 - Level 7.0 Dodging
 - Level 2.4 Stealth
 * Level 14.1 Shields
 - Level 4.0 Spellcasting
 - Level 1.3 Charms
 - Level 1.2 Necromancy
 - Level 10.0 Invocations


You had 18 spell levels left.
You knew the following spells:

 Your Spells              Type           Power        Failure   Level  Hunger
a - Poisonous Vapours     Pois/Air       #.....       99%         2    ###....
b - Regeneration          Chrm/Necr      #.........   100%        3    ###....

Your spell library contained the following spells:

 Spells                   Type           Power        Failure   Level  Hunger
 Animate Skeleton         Necr           N/A          93%         1    #......
 Infusion                 Chrm           #...         93%         1    #......
 Pain                     Necr           #...         93%         1    #......
 Corona                   Hex            #......      98%         1    #......
 Song of Slaying          Chrm           #.......     98%         2    ###....
 Ensorcelled Hibernation  Hex/Ice        #.....       99%         2    ###....
 Shroud of Golubria       Chrm/Tloc      #.....       99%         2    ###....
 Confuse                  Hex            #.......     100%        3    ###....
 Conjure Flame            Conj/Fire      #.......     100%        3    ###....
 Dazzling Spray           Conj/Hex       #.....       100%        3    ###....
 Gell's Gravitas          Tloc           #.........   100%        3    ###....
 Lesser Beckoning         Tloc           #.........   100%        3    ###....
 Mephitic Cloud           Conj/Pois/Air  #.......     100%        3    ###....
 Spectral Weapon          Hex/Chrm       #.......     100%        3    ###....
 Teleport Other           Tloc           #.......     100%        3    ###....
 Tukima's Dance           Hex            #.......     100%        3    ###....
 Vampiric Draining        Necr           #.........   100%        3    ###....
 Animate Dead             Necr           N/A          100%        4    #####..
 Passage of Golubria      Tloc           N/A          100%        4    #####..
 Lightning Bolt           Conj/Air       #.........   100%        5    ######.
 Freezing Cloud           Conj/Ice/Air   #.........   100%        6    #######
 Ring of Flames           Chrm/Fire      #.........   100%        7    #######
 Blink                    Tloc           Unusable     N/A         2    N/A
 Controlled Blink         Tloc           Unusable     N/A         8    N/A

Dungeon Overview and Level Annotations

Branches:
Dungeon (15/15)            Temple (1/1) D:4            Lair (6/6) D:10
  Swamp (0/4) Lair:3       Spider (0/4) Lair:3        Slime (0/5) Lair:6
    Orc (2/2) D:10            Elf (0/3) Orc:2        Vaults (0/5) D:14
 Depths (0/5) D:15        Ossuary (visited)           IceCv (visited)
Gauntlet (visited)

Altars:
Ashenzari
Cheibriados
Dithmenos
Elyvilon
Fedhas
Gozag
Hepliaklqana
Kikubaaqudgha
Makhleb
Nemelex Xobeh
Okawaru
Qazlal
Ru
Sif Muna
Trog
Uskayaw
Vehumet
Wu Jian
Xom
Yredelemnul
Zin
The Shining One
Jiyva

Shops:
D:9 [   D:14 (

Annotations:
Lair:5 3 runed translucent doors, Vig Uhad's ghost, journeyman OpTm
Orc:2 Saint Roka


Innate Abilities, Weirdness & Mutations

You cannot be hasted, slowed, berserked, paralysed or teleported.
You can dig through walls and to a lower floor.
Your four strong arms can wield two-handed weapons with a shield.
You have a pair of large antennae on your head. (SInv)
Your life essence is reduced to manifest your ancestor. (-10% HP)


Message History

a +0 mace; an orc corpse Unknown command.
The orc priest shouts!
You puncture the orc wizard!
You feel better.
The orc wizard is heavily wounded.
You flicker back into view.
The orc wizard shouts!
You block the orc's attack. The ogre hits you but does no damage.
The orc warrior hits you from afar with a +0 trident!
* * * LOW HITPOINT WARNING * * *
The orc priest calls upon Beogh to heal the orc warrior.
The orc warrior is healed somewhat.
Unknown command.
You hit the orc wizard.
You feel better.
The orc wizard is severely wounded.
You block the orc warrior's attack. The ogre closely misses you.
The orc wizard completely misses you.
Saint Roka invokes the aid of Beogh against you.
Beogh smites you!
You die...

.##....#..................#
.#..........o.........##.##
..#.##.#.##.#.............#
.....########..#..........#
......# #......)......##
...#.## ##..o.........#
.#####{ ##.ooo........# ..#
{ { ##ooO.......## .##
#o@oo.......# .# { {
##Oooo......# ##{
{#o........# {


Co.....). { {o....o... { { ........#. { .......... { { ........... You could see
Saint Roka, an orc knight, a cyclops, 5 orc warriors, 2 ogres, 2 orc priests, 2
orc wizards and 6 orcs.

Vanquished Creatures
  A storm dragon (D:14)
  Louise (D:14)
  The ghost of lis82 the Thaumaturge, a journeyman DgFE (Lair:6)
  2 orc warlords
  An ironheart preserver (D:14)
  A minotaur (Gauntlet)
  An ettin (D:15)
  An ogre mage (D:15)
  3 hydras
  A centaur warrior (D:15)
  4 two-headed ogres
  2 tengu warriors (D:15)
  A death yak (Lair:4)
  Sonja (Orc:2)
  2 large abominations (Gauntlet)
  An unseen horror (D:15)
  A lindwurm (Lair:6)
  11 ugly things
  A slime creature (D:13)
  2 cyclopes
  A wolf spider (D:15)
  2 black mambas (Lair:6)
  18 elephants
  2 ice statues (IceCv)
  A torpor snail (Lair:4)
  A gargoyle (D:10)
  2 molten gargoyles (Lair:6)
  7 spiny frogs
  4 kobold demonologists (D:15)
  7 komodo dragons
  A freezing wraith (D:15)
  An ice devil (Gauntlet)
  2 trolls
  2 tengu conjurers (D:15)
  A bog body (Lair:3)
  7 blink frogs
  4 dream sheep (Lair:6)
  2 hippogriffs
  A shadow (D:14)
  19 yaks
  2 wraiths
  3 wyverns (Lair:6)
  2 basilisks (Lair:6)
  2 chaos spawn (Gauntlet)
  A hog (D:10)
  An acid dragon (D:13)
  2 wargs
  6 water moccasins
  3 hell hounds (Lair:6)
  9 orc warriors
  9 porcupines
  5 ice beasts
  3 wolves (Lair:1)
  16 centaurs
  A phantom (D:10)
  4 ogres
  5 crocodiles
  7 big kobolds
  11 bullfrogs
  Dowan (D:4)
  2 wyvern zombies
  2 small abominations (Gauntlet)
  4 scorpions
  2 killer bees (D:8)
  8 wights
  5 lava snakes (Lair:6)
  2 crimson imps
  2 bullfrog zombies
  2 hounds
  11 orc wizards
  5 orc priests
  A quasit (D:8)
  2 bullfrog skeletons
  A centaur skeleton (D:12)
  An iguana (D:6)
  A worker ant (D:7)
  2 hell rats (Lair:3)
  A hound zombie (D:10)
  A hound skeleton (D:6)
  7 gnolls
  9 adders
  8 river rats
  A shadow imp (D:11)
  A white imp (Gauntlet)
  2 oozes
  An adder zombie (D:10)
  2 worms (D:2)
  2 dart slugs (D:1)
  2 leopard geckos (D:1)
  22 orcs
  3 giant cockroaches
  16 goblins
  5 hobgoblins
  11 jackals
  6 quokkas (Lair:3)
  8 bats
  4 frilled lizards
  2 hobgoblin zombies (Ossuary)
  27 kobolds
  A quokka skeleton (D:4)
  21 rats
  5 plants
438 creatures vanquished.

Vanquished Creatures (collateral kills)
  A blizzard demon (Gauntlet)
  A fire dragon (Lair:6)
  A hydra (Lair:3)
  Erolcha (D:12)
  A catoblepas (D:14)
  3 two-headed ogres
  Urug (Orc:2)
  3 death yaks
  Nergalle (Lair:1)
  A hell knight (D:15)
  3 unseen horrors
  A deep elf mage (D:15)
  An oklob plant (Lair:6)
  2 orc sorcerers (Orc:2)
  3 ugly things
  2 cyclopes
  5 elephants
  A molten gargoyle (Lair:6)
  Maurice (D:10)
  3 black mambas
  2 spiny frogs (Lair:6)
  Joseph (D:8)
  3 rime drakes
  9 komodo dragons
  2 kobold demonologists (D:15)
  A tengu conjurer (D:15)
  An efreet (D:15)
  A harpy zombie (D:14)
  3 trolls
  3 blink frogs
  4 dream sheep (Lair:6)
  3 hippogriffs
  A slime creature (D:13)
  A meliai zombie (D:14)
  2 redbacks (Lair:3)
  A vampire (D:15)
  2 hogs (D:10)
  3 wyverns
  A human (D:10)
  12 yaks
  A basilisk (Lair:1)
  A chaos spawn (Gauntlet)
  A neqoxec (Gauntlet)
  A steam dragon (D:12)
  A large abomination (Gauntlet)
  A warg (Orc:2)
  A soldier ant (D:14)
  Duvessa (D:4)
  A hell hound (Lair:6)
  5 porcupines
  3 water moccasins
  2 eyes of draining (D:5)
  12 ice beasts
  2 orc warriors
  A necrophage (D:11)
  4 ogres
  5 phantoms
  4 crocodiles
  8 centaurs
  2 big kobolds
  An elf zombie (D:8)
  Blork the orc (D:4)
  9 bullfrogs
  An elf skeleton (D:8)
  A water moccasin zombie (D:6)
  2 scorpions
  2 killer bees (D:8)
  A small abomination (Gauntlet)
  8 wights
  5 centaur zombies
  5 crimson imps
  A hound (D:14)
  A quasit (D:9)
  A bullfrog zombie (D:5)
  2 centaur skeletons
  A gnoll shaman (Orc:2)
  5 orc priests
  A bullfrog skeleton (D:5)
  An iguana (D:5)
  7 orc wizards
  6 hell rats (Lair:3)
  A human skeleton (D:8)
  4 worker ants
  8 mummies (Ossuary)
  3 worker ant zombies
  5 adders
  5 gnolls
  6 river rats
  2 shadow imps
  2 adder zombies
  2 worms
  2 leopard geckos
  29 orcs
  A giant cockroach (D:8)
  2 gnoll zombies (Ossuary)
  2 jackals
  9 kobolds
  6 quokkas
  A ball python (D:5)
  A goblin (D:5)
  2 hobgoblin zombies (Ossuary)
  A kobold zombie (Ossuary)
  3 orc skeletons (D:8)
  An orc zombie (Ossuary)
  A quokka skeleton (D:5)
  2 rats (Lair:3)
  A fungus (Lair:5)
  A plant (Lair:2)
314 creatures vanquished.

Vanquished Creatures (others)
  23 battlemagi
  3 orcs (Orc:2)
  3 fungi
  2 plants
31 creatures vanquished.

Grand Total: 783 creatures vanquished

Notes
Turn   | Place    | Note
-------+----------+-------------------------------------------
     0 | D:1      | 1994 the Formicid Monk began the quest for the Orb.
     0 | D:1      | Reached XP level 1. HP: 18/18 MP: 1/1
   182 | D:1      | Reached XP level 2. HP: 17/24 MP: 2/2
   612 | D:1      | Reached XP level 3. HP: 29/29 MP: 3/3
   616 | D:1      | Reached skill level 1 in Armour
  1131 | D:2      | Found an opulent altar of Gozag.
  1205 | D:2      | Reached XP level 4. HP: 17/37 MP: 4/4
  2435 | D:3      | Reached skill level 4 in Polearms
  2437 | D:3      | Reached XP level 5. HP: 42/42 MP: 5/5
  3339 | D:3      | Found a hazy altar of Hepliaklqana.
  3339 | D:3      | Found a basalt altar of Yredelemnul.
  3358 | D:3      | Became a worshipper of Hepliaklqana the Forgotten
  3358 | D:3      | Reached * piety under Hepliaklqana
  3358 | D:3      | Reached ** piety under Hepliaklqana
  3359 | D:3      | Remembered your ancestor Lwandle as a battlemage
  3891 | D:4      | Noticed Blork the orc
  3899 | D:4      | Killed Blork the orc
  3899 | D:4      | Reached XP level 6. HP: 44/44 MP: 6/6
  4017 | D:4      | Noticed Duvessa
  4017 | D:4      | Noticed Dowan
  4034 | D:4      | Killed Duvessa
  4034 | D:4      | Reached skill level 5 in Polearms
  4034 | D:4      | Reached XP level 7. HP: 33/49 MP: 7/7
  4042 | D:4      | Killed Dowan
  4152 | D:4      | Found a blossoming altar of Fedhas.
  4500 | D:4      | Found a staircase to the Ecumenical Temple.
  4505 | Temple   | Entered the Ecumenical Temple
  4694 | D:5      | Entered Level 5 of the Dungeon
  4710 | D:5      | Reached skill level 5 in Fighting
  4848 | D:5      | Found an ornate altar of the Wu Jian Council.
  4854 | D:5      | Reached skill level 6 in Polearms
  4854 | D:5      | Reached XP level 8. HP: 55/55 MP: 8/8
  4891 | D:5      | Reached *** piety under Hepliaklqana
  5160 | D:5      | Reached skill level 1 in Invocations
  5238 | D:5      | Found a burning altar of Makhleb.
  5238 | D:5      | Noticed an Executioner
  5241 | D:5      | Noticed a hellwing
  5241 | D:5      | Noticed a hellwing
  5369 | D:5      | Found a bloodstained altar of Trog.
  5370 | D:5      | You fall into a shaft and drop 3 floors!
  5431 | D:8      | Noticed a wyvern
  5535 | D:8      | Reached skill level 7 in Polearms
  5612 | D:8      | Reached XP level 9. HP: 54/62 MP: 10/10
  5616 | D:8      | Reached skill level 5 in Dodging
  5747 | D:8      | Found a sand-covered staircase.
  5767 | D:8      | Reached skill level 5 in Armour
  5783 | Ossuary  | Entered an ossuary
  6196 | D:8      | Noticed Joseph
  6211 | D:8      | Killed Joseph
  6211 | D:8      | Reached skill level 8 in Polearms
  6297 | D:8      | Noticed a hippogriff
  6304 | D:8      | Killed a hippogriff
  6783 | D:6      | Reached XP level 10. HP: 69/69 MP: 12/12
  7397 | D:7      | Reached **** piety under Hepliaklqana
  7489 | D:7      | Reached skill level 9 in Polearms
  8513 | D:9      | Got a pair of twisted boots
  8515 | D:9      | Identified the cursed +0 pair of boots of the
                  | Constellations {rElec rC+ MR+ Int-5} (You found it on level
                  | 9 of the Dungeon)
  8579 | D:9      | Found Vicoz Laopn's Armour Shoppe.
  8591 | D:9      | Noticed a two-headed ogre
  8606 | D:9      | Killed a two-headed ogre
  8620 | D:9      | Found a blossoming altar of Fedhas.
  8935 | D:9      | Reached skill level 10 in Polearms
  9131 | D:10     | Entered Level 10 of the Dungeon
  9163 | D:10     | Found a staircase to the Lair.
  9163 | D:10     | Noticed a death yak
  9186 | D:10     | Noticed a death yak
  9189 | D:10     | Killed a death yak
  9189 | D:10     | Reached XP level 11. HP: 65/77 MP: 14/14
  9191 | D:10     | Noticed a death yak
  9257 | D:9      | Killed a death yak
  9257 | D:9      | Reached skill level 5 in Invocations
  9430 | D:10     | Found a staircase to the Orcish Mines.
  9736 | D:10     | Killed a death yak
  9736 | D:10     | Reached skill level 11 in Polearms
 10005 | D:10     | Reached ***** piety under Hepliaklqana
 10335 | D:10     | Noticed a cyclops
 10385 | D:10     | Killed a cyclops
 10683 | D:10     | Noticed Maurice
 10691 | D:10     | Killed Maurice
 11058 | D:11     | Noticed a purple ugly thing
 11078 | D:11     | Killed a purple ugly thing
 11376 | D:11     | Noticed a two-headed ogre
 11385 | D:11     | Killed a two-headed ogre
 11385 | D:11     | Reached XP level 12. HP: 65/86 MP: 17/17
 11911 | D:11     | Reached skill level 12 in Polearms
 12129 | Lair:1   | Entered Level 1 of the Lair of Beasts
 12132 | Lair:1   | Noticed Nergalle
 12407 | Lair:1   | Killed Nergalle
 12680 | Lair:1   | Reached skill level 10 in Fighting
 13561 | Lair:1   | Noticed a four-headed hydra
 13569 | Lair:1   | Killed a four-headed hydra
 13924 | Lair:2   | Found a frozen archway.
 13967 | IceCv    | Entered an ice cave
 13976 | IceCv    | Reached XP level 13. HP: 93/93 MP: 19/19
 14099 | IceCv    | Found a transporter.
 14131 | IceCv    | Found a transporter.
 14146 | IceCv    | HP: 2/93 [ice statue] (8)]
 14148 | IceCv    | Reached skill level 13 in Polearms
 14585 | Lair:2   | Reached skill level 10 in Armour
 15478 | D:9      | Bought a +0 buckler for 58 gold pieces
 15569 | Lair:3   | Reached skill level 1 in Shields
 15602 | Lair:3   | Found a hole to the Spider Nest.
 15846 | Lair:3   | Found a staircase to the Swamp.
 16501 | Lair:4   | Noticed an eight-headed hydra
 16775 | Lair:3   | Killed an eight-headed hydra
 17412 | Lair:4   | Reached skill level 10 in Invocations
 17816 | Lair:4   | Reached ****** piety under Hepliaklqana
 17874 | Lair:4   | Reached skill level 14 in Polearms
 18191 | Lair:4   | Reached XP level 14. HP: 101/101 MP: 21/21
 18947 | Lair:5   | Found a runed translucent gate.
 18947 | Lair:5   | Found a runed translucent gate.
 18947 | Lair:5   | Found a runed translucent gate.
 18949 | Lair:5   | Found a viscous altar of Jiyva.
 18949 | Lair:5   | Noticed Vig Uhad's ghost (journeyman OpTm)
 19070 | Lair:6   | Entered Level 6 of the Lair of Beasts
 19309 | Lair:6   | Found a runed translucent door.
 19309 | Lair:6   | Noticed lis82's ghost (journeyman DgFE)
 19434 | Lair:6   | Got a slimy spear
 19459 | Lair:6   | Identified the +8 spear of the Mosquito {vamp, rF+ Str+3}
                  | (You found it on level 6 of the Lair of Beasts)
 19625 | Lair:6   | Reached skill level 15 in Polearms
 19902 | Lair:6   | Found a large runed translucent door.
 19902 | Lair:6   | Found a large runed translucent door.
 20596 | Lair:6   | Found a staircase to the Slime Pits.
 20933 | Lair:6   | Learned a level 2 spell: Poisonous Vapours
 20937 | Lair:6   | Learned a level 3 spell: Regeneration
 21051 | Lair:6   | Killed lis82's ghost
 21051 | Lair:6   | Reached XP level 15. HP: 104/109 MP: 22/22
 21517 | D:12     | You fall into a shaft and drop 2 floors!
 21547 | D:14     | Reached skill level 1 in Spellcasting
 21547 | D:14     | Reached skill level 1 in Charms
 21583 | D:14     | Reached skill level 1 in Necromancy
 21612 | D:14     | Noticed Louise
 21646 | D:14     | Killed Louise
 22067 | D:13     | Reached skill level 5 in Shields
 22630 | D:12     | Noticed Erolcha
 22641 | D:12     | Killed Erolcha
 22765 | D:12     | Identified a scroll of acquirement
 23625 | D:14     | Found a gate to the Vaults.
 23625 | D:14     | Noticed an ironheart preserver
 23779 | D:14     | Found Luudit's Weapon Boutique.
 23905 | D:14     | Killed an ironheart preserver
 23995 | D:14     | Identified the Compendium of Translocation and Lightness
 24348 | D:15     | Entered Level 15 of the Dungeon
 24351 | D:15     | Reached skill level 16 in Polearms
 25169 | D:15     | Reached skill level 10 in Shields
 25410 | D:15     | Reached XP level 16. HP: 116/116 MP: 23/23
 25958 | D:15     | Found a staircase to the Depths.
 26111 | D:14     | Noticed a storm dragon
 26125 | D:14     | Killed a storm dragon
 26389 | Orc:1    | Entered Level 1 of the Orcish Mines
 26674 | Orc:1    | Found a burning altar of Makhleb.
 26861 | Orc:2    | Entered Level 2 of the Orcish Mines
 27186 | Orc:2    | Found a gate leading to a gauntlet.
 27288 | Gauntlet | Entered a Gauntlet
 27288 | Gauntlet | Found a transporter.
 27288 | Gauntlet | Found a transporter.
 27293 | Gauntlet | Found a transporter.
 27308 | Gauntlet | Found a transporter.
 27322 | Gauntlet | Found a transporter.
 27335 | Gauntlet | Found a transporter.
 27337 | Gauntlet | Found a large runed translucent door.
 27337 | Gauntlet | Found a large runed translucent door.
 27338 | Gauntlet | Found a large runed translucent door.
 27338 | Gauntlet | Found a large runed translucent door.
 27339 | Gauntlet | Found a large runed translucent door.
 27339 | Gauntlet | Found a large runed translucent door.
 27339 | Gauntlet | Found a runed translucent door.
 27339 | Gauntlet | Found a runed translucent door.
 27339 | Gauntlet | Found a large runed translucent door.
 27340 | Gauntlet | Found a large runed translucent door.
 27345 | Gauntlet | Found a large runed translucent door.
 27345 | Gauntlet | Found a large runed translucent door.
 27346 | Gauntlet | Found a large runed translucent door.
 27346 | Gauntlet | Found a large runed translucent door.
 27347 | Gauntlet | Found a large runed translucent door.
 27347 | Gauntlet | Found a large runed translucent door.
 27347 | Gauntlet | Found a large runed translucent door.
 27411 | Gauntlet | Found a transporter.
 27425 | Gauntlet | Found a transporter.
 27441 | Gauntlet | Found a transporter.
 27454 | Gauntlet | Found a transporter.
 27539 | Gauntlet | Found a transporter.
 27549 | Gauntlet | Found a transporter.
 27555 | Gauntlet | Found a large runed translucent door.
 27558 | Gauntlet | Found a runed translucent gate.
 27559 | Gauntlet | Found a transporter.
 27559 | Gauntlet | Found a transporter.
 27559 | Gauntlet | Found a runed translucent gate.
 27560 | Gauntlet | Found a runed translucent gate.
 27583 | Gauntlet | Found a transporter.
 27593 | Gauntlet | Found a transporter.
 28016 | Gauntlet | Got a coiled lead amulet
 28017 | Gauntlet | Identified the amulet "Kiereshru" {Spirit Int-5 Dex+2 SInv}
                  | (You found it in a Gauntlet)
 28087 | Gauntlet | Got a slimy golden ring
 28088 | Gauntlet | Identified the ring of Eternal Harmony {Ice rN++ MR+ Slay-2
                  | Stlth-} (You found it in a Gauntlet)
 28231 | Gauntlet | Got a jacinth-encrusted ring mail
 28272 | Orc:2    | Identified the cursed +0 ring mail of Slovenliness {MP-9
                  | Int+4} (You found it in a Gauntlet)
 28371 | Orc:2    | Found a staircase to the Elven Halls.
 28452 | Orc:2    | Noticed Urug
 28465 | Orc:2    | Killed Urug
 28499 | Orc:2    | Noticed Sonja
 28506 | Orc:2    | Killed Sonja
 28635 | Orc:2    | Noticed Saint Roka
 28677 | Orc:2    | Killed from afar by Saint Roka

Levels and vault maps discovered:
D:1:      dpeg_arrival_round_c, layout_loops_ring
D:2:      layout_loops_ring, lemuel_round_altar, minmay_door_square
D:3:      layout_basic, gammafunk_temple_overflow_elements, first_ration,
          grunt_decor_one_mirror, minmay_misc_feat_pillars
D:4:      layout_basic, minmay_temple_entry_nine_rooms, fedhas_altar_4,
          uniq_blork_the_orc, uniq_duvessa
D:5:      layout_basic, old_standard_altar, makhleb_altar_promises_db,
          trog_eyes_of_draining
D:6:      layout_basic, minmay_starry_boxes
D:7:      layout_rooms, roderic_serpentine_path, kennysheep_opposing_triangles
D:8:      layout_gridville, nicolae_ossuary_entry_catacombs, uniq_joseph
D:9:      layout_basic, serial_shops, shop, basic_altar
D:10:     layout_stronghold, dpeg_lair_monsters, orc_0_dummy, grunt_livestock,
          uniq_maurice
D:11:     layout_basic
D:12:     layout_roguey, chequers_avenue, uniq_erolcha
D:13:     layout_rooms, kennysheep_generic_room_8
D:14:     kennysheep_funnel, layout_basic, skrybe_vaults_entry_preservation,
          serial_shops, shop_statue, uniq_louise
D:15:     hangedman_depths_entry_civil_slaughter, layout_basic
Temple:   lightli_temple_of_artemis
Lair:1:   cheibrodos_lair_river_kwai, layout_loops_ring, uniq_nergalle
Lair:2:   layout_concentric_octagons, portal_ice_cave_entry_ice_beasts,
          lemuel_fruit_tree, infiniplex_staircase_pool_2
Lair:3:   lemuel_ratsnest, layout_misc_corridors, skrybe_swamp_entry_bodies,
          spider_nest_entry_webs
Lair:4:   layout_loops_ring, minmay_shattered_shrine
Lair:5:   layout_misc_corridors, gammafunk_ghost_ooze, columned_hall_lemuel,
          serial_bayou_pond_a, serial_bayou_pond_d, lemuel_fruit_fields
Lair:6:   cheibrodos_lair_end_hotspot, layout_regular_city, slime_dummy,
          ebering_ghost_inner_flame, serial_bayou_lagoon_a, serial_bayou_pond_e,
          minmay_lair_oklob_items
Orc:1:    layout_diamond_mine, basic_altar
Orc:2:    grunt_orc_tribal_feast, layout_caves, gauntlet_entry_generic,
          uniq_urug, uniq_saint_roka, uniq_sonja

Skill      XL: |  1  2  3  4  5  6  7  8  9 10 11 12 13 14 15 16 |
---------------+-------------------------------------------------+-----
Armour         | 1 2 3 4 5 7 8 9 10 11 | 11.9
Dodging        | 3 4 5 6 7 |  7.0
Polearms       | 4 5 6 7 8 10 11 12 14 15 16 | 16.0
Fighting       | 4 5 6 8 9 10 11 12 | 12.9
Invocations    | 2 3 4 7 8 10 | 10.0
Shields        | 2 10 14 | 14.1
Spellcasting   | 4 |  4.0
Charms         | 1 |  1.3
Necromancy     | 1 |  1.2
Stealth        | |  2.4

Action                   |  1- 3 |  4- 6 |  7- 9 | 10-12 | 13-15 | 16-18 || total
-------------------------+-------+-------+-------+-------+-------+-------++-------
Melee: Spear             |   134 |   272 |   263 |    67 |  1032 |   343 ||  2111
       Dagger            |       |       |     6 |    31 |       |       ||    37
       Halberd           |       |       |       |   300 |   456 |       ||   756
       War axe           |       |       |       |    11 |       |       ||    11
       Trident           |       |       |       |     5 |       |       ||     5
       Quarterstaff      |       |       |       |       |     8 |       ||     8
       Demon trident     |       |       |       |       |       |    44 ||    44
 Fire: Hunting sling     |     1 |       |       |       |       |       ||     1
Throw: Stone             |     4 |     1 |       |       |       |       ||     5
       Dart              |       |    10 |    14 |     4 |     4 |     1 ||    33
Invok: Ancestor Life: Ba |       |     1 |       |       |       |       ||     1
       Recall Ancestor   |       |       |     1 |     1 |     6 |     1 ||     9
       Transference      |       |       |       |       |       |     2 ||     2
 Abil: Dig               |       |     1 |     4 |     7 |    11 |     1 ||    24
Evoke: Wand              |       |       |       |       |       |     1 ||     1
  Use: Scroll            |       |     6 |     8 |    11 |    13 |     3 ||    41
       Potion            |       |       |       |       |     4 |     4 ||     8
 Stab: Sleeping          |     6 |     1 |       |       |       |       ||     7
       Distracted        |       |       |     4 |     6 |     9 |     4 ||    23
       Petrified         |       |       |       |       |     2 |       ||     2
       Invisible         |       |       |       |       |       |     6 ||     6
       Paralysed         |       |       |       |       |       |     2 ||     2
  Eat: Chunk             |     1 |     9 |    10 |    19 |    32 |     7 ||    78
       Ration            |       |       |       |     1 |     2 |     1 ||     4
Armor: Robe              |     5 |       |       |       |       |       ||     5
       Ring mail         |    15 |    91 |    23 |       |       |       ||   129
       Plate armour      |       |       |    48 |   192 |   452 |    45 ||   737
       Troll leather arm |       |       |       |    10 |       |       ||    10
Dodge: Dodged            |    59 |   135 |    90 |   152 |   344 |    52 ||   832
Block: Buckler           |       |       |       |       |   136 |       ||   136
       Large shield      |       |       |       |       |   134 |   193 ||   327
